 Dungeon Crawl Stone Soup version 0.22-a0-396-g3f858e3 (webtiles) character file.

209 Serpenta the Slasher (level 5, -9/32 HPs)
             Began as a Tengu Chaos Knight on May 3, 2018.
             Mangled by a shadow (34 damage)
             ... summoned by the capriciousness of Xom
             ... on level 4 of the Dungeon.
             The game lasted 00:06:02 (2883 turns).

Serpenta the Slasher (Tengu Chaos Knight)           Turns: 2883, Time: 00:06:02

Health: -9/32      AC:  6    Str: 13    XL:     5   Next: 87%
Magic:  6/6        EV: 11    Int: 12    God:    Xom [*.....]
Gold:   102        SH:  0    Dex: 14    Spells: 4/4 levels left

rFire    + . .     SeeInvis .   a - +1 falchion (chaos)
rCold    . . .     Gourm    .   (no shield)
rNeg     . . .     Faith    .   s - +3 leather armour
rPois    +         Spirit   .   (helmet restricted)
rElec    .         Reflect  .   (no cloak)
rCorr    .         Harm     .   (no gloves)
MR       +....                  (boots unavailable)
Stlth    +.........             (no amulet)
HPRegen  0.10/turn              e - ring of protection from fire
MPRegen  0.10/turn              q - ring of protection from magic

@: no status effects
A: beak, talons 3, poison resistance, able to fly 1
a: Fly, Renounce Religion


You were on level 4 of the Dungeon.
You worshipped Xom.
You were a special plaything of Xom.
You were not hungry.

You visited 1 branch of the dungeon, and saw 4 of its levels.

You collected 102 gold pieces.


Innate Abilities, Weirdness & Mutations

You have a beak for a mouth.
You have claws for feet.
You can fly.
Your system is resistant to poisons. (rPois)


   Skills:
 - Level 3.0 Fighting
 + Level 7.0 Long Blades
 - Level 2.1 Armour
 - Level 1.1 Dodging


You had 4 spell levels left.
You didn't know any spells.

Action                   |  1- 3 |  4- 6 || total
-------------------------+-------+-------++-------
Melee: Falchion          |    59 |    30 ||    89
       Kick              |    10 |    13 ||    23
       Peck              |     6 |     5 ||    11
 Abil: Fly               |       |     3 ||     3
  Use: Scroll            |     1 |     4 ||     5
 Stab: Sleeping          |     1 |       ||     1
  Eat: Chunk             |     1 |     2 ||     3
       Ration            |       |     1 ||     1
Armor: Leather armour    |    24 |     9 ||    33
Dodge: Dodged            |    45 |    18 ||    63
       Rpst.: Falchion   |    15 |     8 ||    23

Inventory:

Hand Weapons
 a - a +1 falchion of chaos (weapon)
Missiles
 d - 11 poisoned needles
Armour
 j - a +0 chain mail
 l - a +0 plate armour
 s - a +3 leather armour (worn)
Jewellery
 e - a ring of protection from fire (left hand)
 q - a ring of protection from magic (right hand)
Wands
 r - a wand of paralysis (14)
Scrolls
 h - a scroll of noise {unknown}
 i - a scroll of fog {unknown}
 m - a scroll of enchant weapon
 p - a scroll of magic mapping {unknown}
 t - a scroll of blinking {unknown}
Potions
 f - a potion of ambrosia
 g - 2 potions of lignification {unknown}
 k - a potion of heal wounds {unknown}
 n - a potion of brilliance
 u - 3 potions of cancellation {unknown}
Comestibles
 c - 9 rations
 o - 2 chunks of flesh {@w1}

#### ##.# ### ###..###
#..# ...## ###.<....#
##.## #...###.......##
#..# #...........#
#.## ##..........#
##.# #...).......##
#.## #..<.........####
##.#
#...........)@..###..#
#..........###......##
#...>.....## ###....#
#.........# ###..#
#........## ##.#
##......## #.#
#......# #.# #.# #..


There were no monsters in sight!

Vanquished Creatures
  2 vampire bats (D:2)
  Ijyb (D:3)
  A worker ant (D:4)
  4 adders
  A worm (D:2)
  A dart slug (D:3)
  A leopard gecko (D:1)
  2 orcs
  5 bats (D:1)
  3 bat skeletons (D:2)
  3 bat zombies (D:2)
  A giant cockroach (D:2)
  6 goblins
  3 hobgoblins (D:1)
  A quokka (D:2)
  A ball python (D:3)
  A frilled lizard (D:1)
  5 kobolds
  6 rats
48 creatures vanquished.

Vault maps used:
D:1:      scummos_arrival_hexagon, tso_metal_star
D:2:      kennysheep_vampire_church, grunt_dithmenos_smoke, old_standard_altar,
          serial_glass, glass_columns_b, glass_columns_b, minmay_tetromino_i4
D:3:      vehumet_crystals, lemuel_round_altar, first_ration,
          nicolae_ru_the_path_less_chosen, uniq_ijyb
D:4:      fedhas_altar_2, st_stairs_1


Message History

Your Long Blades skill increases to level 7!
You start resting.
Xom's power touches on you for a moment.
Flickering shadows surround you.
As you read the scroll labeled UWUTUI GOYPUIPN, it crumbles to dust.
You feel strangely unstable.
It was a scroll of teleportation.
The shadow hits you!
The shadow slips into darkness.
The shadow flickers and vanishes!
Deactivating autopickup; reactivate with Ctrl-A.
Your surroundings suddenly seem different.
An ogre comes into view. It is wielding a giant spiked club.
The shadow strikes at you from the darkness!
Reactivating autopickup.
The shadow slips into darkness.
The shadow flickers and vanishes!
Deactivating autopickup; reactivate with Ctrl-A.
The shadow strikes at you from the darkness!
Ouch! That really hurt!
You die...

Notes
Turn   | Place    | Note
-------+----------+-------------------------------------------
     0 | D:1      | Serpenta the Tengu Chaos Knight began the quest for the Orb.
     0 | D:1      | Reached XP level 1. HP: 14/14 MP: 2/2
   305 | D:1      | Reached XP level 2. HP: 19/19 MP: 3/3
   310 | D:1      | Reached skill level 4 in Long Blades
   474 | D:1      | Found a glowing golden altar of the Shining One.
   764 | D:1      | XOM: cloud trail
  1019 | D:1      | Reached XP level 3. HP: 22/23 MP: 4/4
  1189 | D:2      | XOM is BORED!
  1189 | D:2      | XOM: mild Summ miscast
  1417 | D:2      | XOM: divination: detect items
  1427 | D:2      | XOM: cast spell 'Cause Fear'
  1443 | D:2      | Found an ancient bone altar of Kikubaaqudgha.
  1445 | D:2      | Reached skill level 5 in Long Blades
  1445 | D:2      | Reached XP level 4. HP: 28/28 MP: 5/5
  1455 | D:2      | XOM: potion effect (agility)
  1455 | D:2      | Reached skill level 6 in Long Blades
  1461 | D:2      | XOM: mild Necr miscast
  1474 | D:2      | XOM: cloud trail
  1578 | D:1      | XOM: harmless Hex miscast
  1622 | D:2      | Gained mutation: You can fly. [Tengu growth]
  1622 | D:2      | Reached XP level 5. HP: 32/32 MP: 6/6
  1669 | D:2      | Found a shadowy altar of Dithmenos.
  1771 | D:2      | XOM: divination: detect creatures
  2007 | D:3      | XOM: silly message
  2208 | D:3      | Found a radiant altar of Vehumet.
  2223 | D:3      | Noticed Ijyb
  2225 | D:3      | XOM: summons 3 friendly demons
  2230 | D:3      | Killed Ijyb
  2379 | D:3      | Found an opulent altar of Gozag.
  2388 | D:3      | XOM: scenery: create altars
  2415 | D:3      | Found a sacrificial altar of Ru.
  2490 | D:3      | XOM: give mutation
  2490 | D:3      | Gained mutation: Your system is resistant to poisons. (rPois) [Xom's grace]
  2669 | D:3      | XOM: noise
  2776 | D:4      | Reached skill level 7 in Long Blades
  2870 | D:4      | XOM: medium Necr miscast
  2871 | D:4      | Noticed a shadow
  2871 | D:4      | Noticed a shadow
  2876 | D:4      | Noticed an ogre
  2883 | D:4      | Mangled by a shadow
